 Dungeon Crawl Stone Soup version 0.26-b1-32-g5d43845318 (webtiles) character file.

Game seed: 9157080683794776215

144 sentinel the Skirmisher (level 5, 43/43 HPs)
             Began as a Demonspawn Conjurer on Jan 10, 2021.
             Was an Initiate of Gozag.
             Quit the game on level 3 of the Dungeon.
             The game lasted 00:06:13 (4224 turns).

sentinel the Skirmisher (Demonspawn Conjurer)       Turns: 4224, Time: 00:06:13

Health: 43/43      AC:  4    Str:  8    XL:     5   Next: 5%
Magic:  1/8        EV: 12    Int: 20    God:    Gozag
Gold:   363        SH:  0    Dex: 11    Spells: 5/8 levels left

rFire    + . .     SeeInvis .   f - +0 dagger
rCold    . . .     Faith    .   (no shield)
rNeg     . . .     Spirit   +   a - +0 robe
rPois    .         Reflect  .   (helmet restricted)
rElec    .         Harm     .   (no cloak)
rCorr    .         Rampage  .   (no gloves)
Will     .....                  (no boots)
Stlth    ++........             (no amulet)
HPRegen  0.14/turn              (no ring)
MPRegen  0.11/turn              (no ring)

@: gold aura
A: horns 1, iridescent scales 1, fire resistance 1, magic shield
a: Renounce Religion, Potion Petition, Call Merchant, Bribe Branch


You were on level 3 of the Dungeon.
You worshipped Gozag.
Gozag was aware of your devotion.
You visited 1 branch of the dungeon, and saw 3 of its levels.

You collected 392 gold pieces.
You paid 29 gold pieces to Gozag.

Inventory:

Hand Weapons
 f - a +0 dagger (weapon)
 m - a +1 vorpal hand axe
Armour
 a - a +0 robe (worn)
 b - a +0 ring mail
 s - a cursed +0 leather armour
Jewellery
 j - an uncursed amulet of inaccuracy
 l - an uncursed ring of positive energy {unknown}
 r - an uncursed amulet of regeneration {unknown}
Scrolls
 c - 3 scrolls of identify {unknown}
 i - a scroll of immolation {unknown}
 n - a scroll of blinking {unknown}
 o - 3 scrolls of enchant armour {unknown}
 t - 2 scrolls of teleportation
Potions
 d - a potion of might {unknown}
 e - a potion of berserk rage {unknown}
 g - 2 potions of degeneration {unknown}
 h - a potion of flight {unknown}
 k - a potion of attraction {unknown}
 p - 2 potions of haste {unknown}
 q - 2 potions of brilliance {unknown}
 u - a potion of cancellation {unknown}


   Skills:
 + Level 4.8 Fighting
 - Level 1.7 Dodging
 - Level 1.7 Stealth
 - Level 2.0 Spellcasting
 - Level 4.0 Conjurations


You had 5 spell levels left.
You knew the following spells:

 Your Spells              Type           Power        Failure   Level
a - Magic Dart            Conj           72%          3%          1
b - Searing Ray           Conj           36%          4%          2

Your spell library contained the following spells:

 Spells                   Type           Power        Failure   Level
 Dazzling Flash           Conj/Hex       20%          21%         3
 Fulminant Prism          Conj/Hex       5%           56%         4
 Iskenderun's Mystic Bla  Conj/Tloc      10%          56%         4


Dungeon Overview and Level Annotations

Branches:
Dungeon (3/15)

Altars:
Ashenzari
Gozag
Kikubaaqudgha
Makhleb
Yredelemnul


Innate Abilities, Weirdness & Mutations

You have a pair of small horns on your head.
You are partially covered in iridescent scales. (AC +2)
Your flesh is heat resistant. (rF+)
When hurt, damage is shared between your health and your magic reserves.


Message History

There is an open door here.
There is an open door here.
You see here 4 stones.
You see here a ring mail.
There is an open door here.
There is a stone staircase leading down here.
You climb downwards.
There is a stone staircase leading up here.
A hobgoblin comes into view.
Found a whip.
But you're not safe! But you're not safe! But you're not safe!
But you're not safe! But you're not safe! But you're not safe!
But you're not safe! But you're not safe!
The magic dart hits the hobgoblin.
The hobgoblin shouts!
You miscast Magic Dart.
You are very lightly contaminated with residual magic.
Nothing appears to happen.
The magic dart hits the hobgoblin.
You kill the hobgoblin!
You can't see any susceptible monsters within range! (Use Z to cast anyway.)
You can't see any susceptible monsters within range! (Use Z to cast anyway.)
You can't see any susceptible monsters within range! (Use Z to cast anyway.)
You can't see any susceptible monsters within range! (Use Z to cast anyway.)
You can't see any susceptible monsters within range! (Use Z to cast anyway.)
You can't see any susceptible monsters within range! (Use Z to cast anyway.)
You start resting.
A goblin comes into view.
But you're not safe! But you're not safe!
The magic dart hits the goblin.
You kill the goblin!
You can't see any susceptible monsters within range! (Use Z to cast anyway.)
You can't see any susceptible monsters within range! (Use Z to cast anyway.)
You can't see any susceptible monsters within range! (Use Z to cast anyway.)
You can't see any susceptible monsters within range! (Use Z to cast anyway.)
You can't see any susceptible monsters within range! (Use Z to cast anyway.)
You can't see any susceptible monsters within range! (Use Z to cast anyway.)
You can't see any susceptible monsters within range! (Use Z to cast anyway.)
You start resting.
Your magical contamination has completely faded away.
You now have 332 gold pieces (gained 6).
You now have 336 gold pieces (gained 4).
Found a hunting sling.
A worm comes into view.
But you're not safe!
The magic dart hits the worm.
The magic dart hits the worm.
The magic dart hits the worm.
The magic dart hits the worm.
The worm misses you.
The magic dart hits the worm.
The magic dart hits the worm.
The worm barely misses you.
The magic dart hits the worm.
You kill the worm!
You don't have enough magic to cast that spell.
You don't have enough magic to cast that spell.
Found a robe.
You now have 340 gold pieces (gained 4).
A rat comes into view.
But you're not safe! But you're not safe! But you're not safe!
But you're not safe!
The magic dart hits the rat.
You kill the rat!
You can't see any susceptible monsters within range! (Use Z to cast anyway.)
You can't see any susceptible monsters within range! (Use Z to cast anyway.)
You can't see any susceptible monsters within range! (Use Z to cast anyway.)
You can't see any susceptible monsters within range! (Use Z to cast anyway.)
You can't see any susceptible monsters within range! (Use Z to cast anyway.)
You can't see any susceptible monsters within range! (Use Z to cast anyway.)
An adder comes into view.
Found three items.
But you're not safe! But you're not safe! But you're not safe!
But you're not safe! But you're not safe! But you're not safe!
But you're not safe! But you're not safe!
The magic dart hits the adder but does no damage.
The adder hisses angrily.
The magic dart hits the adder.
The magic dart hits the adder.
The magic dart hits the adder.
The adder bites you. The adder barely misses you.
The magic dart hits the adder.
You kill the adder!
You don't have enough magic to cast that spell.
You now have 346 gold pieces (gained 6).
You now have 353 gold pieces (gained 7).
You see here a robe.
s - a glowing leather armour
u - a grey potion
o - 3 scrolls labelled HOAFUO WUEM (gained 1)
You see here a whip.
Found 11 sling bullets.
A kobold comes into view.
The kobold shouts!
But you're not safe! But you're not safe! But you're not safe!
The magic dart hits the kobold.
The kobold throws a stone.
The stone closely misses you.
The magic dart hits the kobold.
You kill the kobold!
You can't see any susceptible monsters within range! (Use Z to cast anyway.)
You can't see any susceptible monsters within range! (Use Z to cast anyway.)
You can't see any susceptible monsters within range! (Use Z to cast anyway.)
You can't see any susceptible monsters within range! (Use Z to cast anyway.)
You can't see any susceptible monsters within range! (Use Z to cast anyway.)
You can't see any susceptible monsters within range! (Use Z to cast anyway.)
You can't see any susceptible monsters within range! (Use Z to cast anyway.)
You now have 360 gold pieces (gained 7).
You now have 363 gold pieces (gained 3).
You see here 3 stones.
An adder comes into view.
But you're not safe! But you're not safe! But you're not safe!
But you're not safe! But you're not safe! But you're not safe!
The magic dart hits the adder but does no damage.
The adder hisses angrily.
A goblin comes into view. It is wielding a +0 dagger.
The magic dart hits the adder.
The goblin shouts!
The magic dart hits the adder.
The magic dart hits the adder.
The magic dart hits the adder.
You kill the adder!
You have reached level 5!
Your demonic ancestry asserts itself...
Iridescent scales grow over part of your body.
The magic dart hits the goblin.
You kill the goblin!
You can't see any susceptible monsters within range! (Use Z to cast anyway.)
You can't see any susceptible monsters within range! (Use Z to cast anyway.)
You can't see any susceptible monsters within range! (Use Z to cast anyway.)
You can't see any susceptible monsters within range! (Use Z to cast anyway.)
You can't see any susceptible monsters within range! (Use Z to cast anyway.)
You can't see any susceptible monsters within range! (Use Z to cast anyway.)
You can't see any susceptible monsters within range! (Use Z to cast anyway.)

#####..##.(#
#............
#..##..##
#.........### #..##.##
#.........# #..##(#
#.........# #..##.#
###########
##.##..####
#.........#
#.........############
#.............@.$$....
#.........############
#.....(...#
#.........#
###########


There were no monsters in sight!

Vanquished Creatures
  An orc wizard (D:3)
  3 adders
  6 worms
  2 dart slugs
  5 orcs
  3 giant cockroaches
  5 goblins
  3 hobgoblins
  6 jackals
  A quokka (D:2)
  3 bats
  A frilled lizard (D:3)
  10 kobolds
  19 rats
68 creatures vanquished.

Notes
Turn   | Place    | Note
-------+----------+-------------------------------------------
     0 | D:1      | sentinel the Demonspawn Conjurer began the quest for the
                  | Orb.
     0 | D:1      | Reached XP level 1. HP: 13/13 MP: 3/3
    56 | D:1      | Reached skill level 1 in Fighting
   399 | D:1      | Gained mutation: When hurt, damage is shared between your
                  | health and your magic reserves. [demonic ancestry]
   399 | D:1      | Reached XP level 2. HP: 22/22 MP: 0/5
   716 | D:1      | You fall into a shaft and drop 1 floor!
  1025 | D:2      | Learned a level 2 spell: Searing Ray
  1113 | D:1      | Gained mutation: You have a pair of small horns on your
                  | head. [demonic ancestry]
  1113 | D:1      | Reached XP level 3. HP: 28/28 MP: 4/6
  1323 | D:2      | Found an opulent altar of Gozag.
  1324 | D:2      | Found a burning altar of Makhleb.
  1325 | D:2      | Found a broken altar of Ashenzari.
  1331 | D:2      | Became a worshipper of Gozag Ym Sagoz the Greedy
  1369 | D:2      | Found an ancient bone altar of Kikubaaqudgha.
  1545 | D:2      | Found a basalt altar of Yredelemnul.
  2275 | D:2      | Noticed a phantom
  2935 | D:3      | Gained mutation: Your flesh is heat resistant. (rF+)
                  | [demonic ancestry]
  2935 | D:3      | Reached XP level 4. HP: 37/37 MP: 1/7
  4223 | D:3      | Gained mutation: You are partially covered in iridescent
                  | scales. (AC +2) [demonic ancestry]
  4223 | D:3      | Reached XP level 5. HP: 43/43 MP: 2/8
  4224 | D:3      | Quit the game

Illustrated notes

Levels and vault maps discovered:
D:1:      noname_arrival_rooms_in_the_neighbourhood, layout_basic
D:2:      layout_basic, marbit_many_paths, nicolae_overflow_quartered_altars
D:3:      layout_rooms

Skill      XL: |  1  2  3  4 |
---------------+-------------+-----
Fighting       | 1 2 3 4 |  4.8
Dodging        | |  1.7
Stealth        | |  1.7
Spellcasting   | |  2.0
Conjurations   | |  4.0

Action                   |  1- 3 |  4- 6 || total
-------------------------+-------+-------++-------
Melee: Unarmed           |     1 |       ||     1
       Dagger            |    38 |    24 ||    62
       Headbutt          |       |     3 ||     3
 Cast: Magic Dart        |    64 |    59 ||   123
       Searing Ray       |    11 |     5 ||    16
  Use: Scroll            |     3 |       ||     3
 Stab: Sleeping          |       |     1 ||     1
Armor: Robe              |     7 |     9 ||    16
Dodge: Dodged            |    26 |    43 ||    69
